AoeStats
← IIErich

Arabian Desert

510179997Analyzed
1v1 RM · 1d ago on Sep 29, 2026· 30m 2s· 2 players
Game mode
Random Map
Map size
Tiny (2 player)
Population
200
Speed
Normal
Resources
Standard
Victory
Conquest
Starting age
Dark Age
Ending age
Imperial Age
RankedLock teamsTeams togetherTeam positionsShared explorationLock speedFull tech treeHidden civsTurbo modeCheats
Victory
Defeat
🇺🇸 Gurjaras · United States
636
+17
🇧🇷 Spanish · Brazil
660
-17
SoapyCoder
11:59 Feudal Age
13:36 Loom
15:07 Gold Mining
15:05 Double-Bit Axe
15:03 Horse Collar
22:18 Castle Age
21:36 Bloodlines
22:13 Forging
22:38 Fletching
23:53 Husbandry
27:38 Wheelbarrow
28:19 Treadmill Crane
30:49 Bow Saw
IIErich
6:50 Loom
7:28 Loom
10:27 Feudal Age
11:02 Double-Bit Axe
11:51 Horse Collar
22:34 Castle Age
21:44 Wheelbarrow
22:10 Bloodlines
22:00 Gold Mining
22:49 Scale Barding Armor
Connection lost

Rejoining the realm…

Still unreachable

The connection could not be restored.

Session expired

The server has moved on; the page needs a fresh start.